 Dungeon Crawl Stone Soup version 0.31-a0-1570-g93c622d222 (webtiles) character file.

Game seed: 18313692579629642349

9999 grandjackal the Nimble (level 11, -4/73 HPs)
             Began as a Tengu Monk on Jan 3, 2024.
             Was a Believer of Kikubaaqudgha.
             Slain by a komodo dragon (16 damage)
             ... on level 12 of the Dungeon.
             The game lasted 00:13:15 (11756 turns).

grandjackal the Nimble (Tengu Monk)                Turns: 11756, Time: 00:13:15

Health: -4/73      AC: 14    Str: 11    XL:     11   Next: 55%
Magic:  15/15      EV: 24    Int: 15    God:    Kikubaaqudgha [**....]
Gold:   726        SH:  0    Dex: 17    Spells: 6/14 levels left

rFire   . . .        n - +6 mace (protect)
rCold   . . .        d - orb {light}
rNeg    + . .        N - +0 ring mail {Will+}
rPois   .            (helmet restricted)
rElec   .            q - +0 cloak
rCorr   .            G - +0 pair of gloves
SInv    .            (boots unavailable)
Will    +....        C - amulet of magic regeneration
Stlth   +            u - +5 ring of evasion
HPRegen 0.32/turn    L - ring of positive energy
MPRegen 0.54/turn

%: acrobat
@: under a protective aura, flying, glowing
A: beak, talons 3, evasive flight, acrobatic
a: Renounce Religion, Unearth Wretches


You were on level 12 of the Dungeon.
You worshipped Kikubaaqudgha.
Kikubaaqudgha was pleased with you.
You visited 2 branches of the dungeon, and saw 13 of its levels.

You collected 726 gold pieces.

Inventory:

Hand Weapons
 a - a +0 spear
 n - a +6 mace of protection (weapon)
Missiles
 r - 6 throwing nets
Armour
 d - an orb of light (worn)
 q - a +0 cloak (worn)
 s - a +1 leather armour of cold resistance
 G - a +0 pair of gloves (worn)
 N - a +0 ring mail of willpower (worn)
Jewellery
 b - a ring of willpower
 u - a +5 ring of evasion (left hand)
 y - a ring of ice
 C - an amulet of magic regeneration (around neck)
 L - a ring of positive energy (right hand)
Wands
 D - a wand of flame (23)
 H - a wand of charming (7)
 M - a wand of mindburst (1)
Scrolls
 e - 8 scrolls of identify {unknown}
 h - 4 scrolls of fog {unknown}
 i - a scroll of immolation {unknown}
 k - a scroll of summoning {unknown}
 l - a scroll of blinking {unknown}
 t - 3 scrolls of revelation {unknown}
 w - 3 scrolls of fear {unknown}
 B - 3 scrolls of teleportation {unknown}
 E - 3 scrolls of enchant weapon {unknown}
 J - 2 scrolls of torment {unknown}
 O - a scroll of poison {unknown}
 P - a scroll of noise {unknown}
Potions
 c - 3 potions of ambrosia
 f - 2 potions of enlightenment {unknown}
 g - a potion of haste {unknown}
 j - a potion of mutation {unknown}
 m - 2 potions of invisibility {unknown}
 o - 4 potions of brilliance {unknown}
 p - 5 potions of curing {unknown}
 v - a potion of magic {unknown}
 x - a potion of degeneration {unknown}
 z - 2 potions of heal wounds {unknown}
 A - 2 potions of cancellation {unknown}
 F - a potion of lignification {unknown}
 I - 2 potions of resistance {unknown}
 K - a potion of attraction {unknown}


   Skills:
 + Level 10.4 Fighting
 - Level 3.3(7.3) Polearms
 - Level 10.2(10.5) Staves
 - Level 10.9 Dodging
 + Level 2.1 Spellcasting
 + Level 5.9 Necromancy
 + Level 2.3 Evocations


You had 6 spell levels left.
You knew the following spells:

 Your Spells              Type           Power      Damage    Failure   Level
a - Fugue of the Fallen   Necr           19%        N/A       14%         3
b - Curse of Agony        Necr           19%        N/A       78%         5

Your spell library contained the following spells:

 Spells                   Type           Power      Damage    Failure   Level
 Necrotise                Necr           76%        1d7       4%          1
 Vampiric Draining        Necr           19%        2d7       14%         3
 Cigotuvi's Dreadful Rot  Necr/Alch/Air  14%        N/A       34%         2
 Animate Dead             Necr           19%        N/A       43%         4
 Blink                    Tloc           2%         N/A       63%         2
 Ensorcelled Hibernation  Hex/Ice        2%         N/A       63%         2
 Lesser Beckoning         Tloc           2%         N/A       63%         2
 Momentum Strike          Conj/Tloc      2%         3d8       63%         2
 Dazzling Flash           Conj/Hex       2%         N/A       85%         3
 Mephitic Cloud           Conj/Alch/Air  1%         N/A       85%         3
 Anguish                  Hex/Necr       5%         N/A       85%         4
 Borgnjor's Vile Clutch   Necr/Erth      5%         N/A       99%         5
 Silence                  Hex/Air        0%         N/A       100%        5
 Death Channel            Necr           9%         N/A       100%        6


Dungeon Overview and Level Annotations

Branches:
Dungeon (12/15)            Temple (1/1) D:5            Lair (0/5) D:8
    Orc (0/2) D:10

Altars:
Ashenzari
Cheibriados
Dithmenos
Elyvilon
Fedhas
Gozag
Hepliaklqana
Kikubaaqudgha
Makhleb
Nemelex Xobeh
Okawaru
Qazlal
Ru
Sif Muna
Trog
Uskayaw
Vehumet
Wu Jian
Xom
Yredelemnul
Zin
The Shining One

Annotations:
D:9 3 runed translucent doors, crooctopode's ghost, novice OpSh
D:11 2 transporters, Myeduj Riu's ghost, journeyman MiFi


Innate Abilities, Weirdness & Mutations

You have a beak for a mouth.
You have claws for feet.
Your magical flight helps you evade attacks. (EV +4)
You can magically evade attacks while moving or waiting.


Message History

The komodo dragon misses you.
You hit the komodo dragon.
You claw the komodo dragon, but do no damage.
You peck the komodo dragon, but do no damage.
The komodo dragon is heavily wounded.
The komodo dragon completely misses you.
You hit the komodo dragon.
You claw the komodo dragon, but do no damage.
The komodo dragon is severely wounded.
The boulder beetle curls into a ball and begins rolling!
The komodo dragon bites you!
You hit the komodo dragon.
You claw the komodo dragon, but do no damage.
The komodo dragon is severely wounded.
The komodo dragon bites you but does no damage.
The boulder beetle stops rolling and uncurls.
You hit the komodo dragon but do no damage.
You claw the komodo dragon, but do no damage.
You peck the komodo dragon, but do no damage.
The komodo dragon is severely wounded.
The komodo dragon bites you but does no damage.
You hit the komodo dragon but do no damage.
The komodo dragon is severely wounded.
The komodo dragon bites you!!
* * * LOW HITPOINT WARNING * * *
You barely miss the komodo dragon.
You claw the komodo dragon, but do no damage.
The komodo dragon is severely wounded.
The komodo dragon bites you but does no damage.
The boulder beetle leaps!
You hit the komodo dragon but do no damage.
Your kick misses the komodo dragon.
You peck the komodo dragon, but do no damage.
The komodo dragon is severely wounded.
The komodo dragon barely misses you.
You hit the komodo dragon. Your kick misses the komodo dragon.
The komodo dragon is severely wounded.
The komodo dragon bites you!
You die...
Kikubaaqudgha rasps: "You have failed me!
Welcome... death!"

#.)# ##...#
##.####....#
#.........## .
##......##..# ..
#......####.##
... ........#
##.### ....
..#####.##
##..#######
..... .## ##.#
##..##...#......
## #.#
##.@l....B..°○○
##.#
##.####.#.##...
#.## #..# #...#
#.#
#..#.....[..#
### #..#
..#......# #.##
.#.......# #.#
#......#... ...
........#. .. ##
#.#


You could see a boulder beetle and a komodo dragon.

Vanquished Creatures
  2 two-headed ogres
  Pikel (D:5)
  A deep elf pyromancer (D:12)
  A cyclops (D:11)
  2 gargoyles (D:11)
  An unseen horror (D:8)
  An unseen horror zombie (D:9)
  2 hornets (D:9)
  2 slime creatures (D:11)
  9 yaks
  3 wyverns
  A vampire (D:10)
  A wraith (D:9)
  A warg (D:10)
  2 water moccasins
  A black bear (D:5)
  3 orc warriors
  An ice beast (D:4)
  A sky beast (D:6)
  5 centaurs
  2 ogres
  A phantom (D:6)
  5 kobold brigands
  A bullfrog (D:7)
  A scorpion (D:4)
  5 wights (D:8)
  3 howler monkeys
  A centaur zombie (D:9)
  2 jellies
  A bombardier beetle (D:4)
  Crazy Yiuf (D:2)
  A gnoll bouda (D:9)
  6 orc priests
  4 hounds
  A sleepcap (D:6)
  5 orc wizards
  A hell rat (D:8)
  2 human simulacra (D:11)
  Robin (D:2)
  11 adders
  9 gnolls
  2 river rats (D:8)
  4 shadow imps
  A white imp (D:7)
  5 ufetubi
  2 dart slugs
  A ribbon worm (D:4)
  25 orcs
  8 ball pythons
  9 bats
  10 endoplasms
  5 giant cockroaches (D:1)
  10 goblins
  8 hobgoblins
  3 jackals (D:5)
  6 quokkas
  A frilled lizard (D:1)
  19 kobolds
  4 rats
228 creatures vanquished.

Vanquished Creatures (collateral kills)
  A yak (D:11)
  2 wolves (D:10)
3 creatures vanquished.

Vanquished Creatures (others)
  Harold (D:11)
1 creature vanquished.

Grand Total: 232 creatures vanquished

Notes
Turn   | Place    | Note
-------+----------+-------------------------------------------
     0 | D:1      | grandjackal the Tengu Monk began the quest for the Orb.
     0 | D:1      | Reached XP level 1. HP: 14/14 MP: 2/2
   151 | D:1      | Reached XP level 2. HP: 19/19 MP: 3/3
   276 | D:1      | Reached skill level 1 in Staves
   447 | D:1      | Reached XP level 3. HP: 23/23 MP: 4/4
  1593 | D:2      | Noticed Robin
  1606 | D:2      | Reached XP level 4. HP: 19/29 MP: 5/5
  1608 | D:2      | Killed Robin
  1763 | D:2      | Found a runed translucent door.
  1764 | D:2      | Noticed Crazy Yiuf
  2118 | D:2      | Paralysed by Crazy Yiuf for 1 turns
  2120 | D:2      | Killed Crazy Yiuf
  2563 | D:3      | Reached XP level 5. HP: 33/33 MP: 6/6
  2980 | D:4      | Reached XP level 6. HP: 39/39 MP: 7/7
  3033 | D:4      | Found an ornate altar of the Wu Jian Council.
  3068 | D:4      | Reached skill level 5 in Dodging
  3102 | D:4      | Reached skill level 5 in Fighting
  3159 | D:4      | Gained mutation: Your magical flight helps you evade
                  | attacks. (EV +4) [Tengu growth]
  3159 | D:4      | Reached XP level 7. HP: 44/44 MP: 8/8
  3562 | D:4      | Found a burning altar of Makhleb.
  3874 | D:5      | Entered Level 5 of the Dungeon
  3879 | D:5      | Found a blossoming altar of Fedhas.
  4026 | D:5      | Found a staircase to the Ecumenical Temple.
  4043 | D:5      | Noticed Pikel
  4069 | D:5      | Killed Pikel
  4070 | D:5      | Reached skill level 5 in Staves
  4070 | D:5      | Reached XP level 8. HP: 35/51 MP: 9/9
  4078 | Temple   | Entered the Ecumenical Temple
  4947 | D:6      | Noticed a wyvern
  4985 | D:6      | Killed a wyvern
  4988 | D:6      | Reached XP level 9. HP: 25/57 MP: 10/10
  6204 | D:7      | Identified the +1 robe "Citexuyll" {rF+}
  6927 | D:8      | Noticed a death yak
  7086 | D:8      | Found a staircase to the Lair.
  7219 | D:8      | Noticed an unseen horror
  7231 | D:8      | Killed an unseen horror
  7416 | D:8      | Reached XP level 10. HP: 38/65 MP: 11/11
  8077 | D:8      | Learned a level 3 spell: Fugue of the Fallen
  8083 | D:8      | Learned a level 5 spell: Curse of Agony
  8141 | D:9      | Found a hide-covered altar of Uskayaw.
  8142 | D:9      | Found a glowing golden altar of the Shining One.
  8219 | D:9      | Found an opulent altar of Gozag.
  8269 | D:9      | Found a sacrificial altar of Ru.
  8465 | D:9      | Reached skill level 1 in Necromancy
  8592 | D:9      | Found a runed translucent gate.
  8592 | D:9      | Found a runed translucent gate.
  8592 | D:9      | Found a runed translucent gate.
  8592 | D:9      | Noticed crooctopode's ghost (novice OpSh)
  8594 | D:9      | Found a basalt altar of Yredelemnul.
  8594 | D:9      | Noticed a two-headed ogre
  8601 | D:9      | Killed a two-headed ogre
  8610 | D:9      | Reached skill level 10 in Dodging
  8780 | D:9      | Found a shadowy altar of Dithmenos.
  9274 | D:9      | Found an ancient bone altar of Kikubaaqudgha.
  9387 | D:10     | Entered Level 10 of the Dungeon
  9391 | D:10     | Found a radiant altar of Vehumet.
  9561 | D:10     | Found a staircase to the Orcish Mines.
  9561 | D:10     | Noticed a white ugly thing
  9583 | D:10     | Found a glowing silver altar of Zin.
  9597 | D:10     | Noticed a two-headed ogre
  9912 | D:10     | Killed a two-headed ogre
  9929 | D:9      | Became a worshipper of Kikubaaqudgha
  9929 | D:9      | Reached * piety under Kikubaaqudgha
  9929 | D:9      | Received a gift from Kikubaaqudgha
  9929 | D:9      | Reached ** piety under Kikubaaqudgha
 10165 | D:10     | Reached XP level 11. HP: 54/72 MP: 12/12
 10177 | D:10     | Reached skill level 10 in Staves
 10294 | D:10     | Found a broken altar of Ashenzari.
 10346 | D:11     | Reached skill level 10 in Fighting
 10419 | D:11     | HP: 2/72 [gargoyle/+0 mace (6)]
 10653 | D:11     | Reached skill level 5 in Necromancy
 10701 | D:11     | Noticed Harold
 10707 | D:11     | Noticed a cyclops
 10722 | D:11     | Your ally Harold died
 10740 | D:11     | Reached skill level 1 in Evocations
 10746 | D:11     | Reached skill level 1 in Spellcasting
 10751 | D:11     | Killed a cyclops
 10900 | D:11     | Noticed a tengu warrior
 10944 | D:11     | Found a transporter.
 10949 | D:11     | Found a transporter.
 10950 | D:11     | Noticed a two-headed ogre
 10950 | D:11     | Noticed Myeduj Riu's ghost (journeyman MiFi)
 10950 | D:11     | Noticed a two-headed ogre
 10951 | D:11     | Found a bloodstained altar of Trog.
 10951 | D:11     | Noticed a two-headed ogre
 10952 | D:11     | Noticed a moth of wrath
 11611 | D:12     | Noticed a deep elf pyromancer
 11627 | D:12     | Killed a deep elf pyromancer
 11690 | D:12     | Noticed a boulder beetle
 11756 | D:12     | Slain by a komodo dragon

Illustrated notes

Levels and vault maps discovered:
D:1:      dpeg_arrival_boxes_within_box, layout_basic, serial_forest,
          infiniplex_forest_clump_medium, infiniplex_forest_end_2,
          infiniplex_forest_straight_4, infiniplex_forest_clump_large,
          infiniplex_forest_clump_large, infiniplex_forest_lined_2,
          infiniplex_forest_pool
D:2:      layout_basic, minmay_misc_feat_tower, uniq_crazy_yiuf_cottage,
          uniq_robin
D:3:      layout_basic
D:4:      layout_basic, nzn_wu_jian_contemplation, makhleb_heckhound_becter,
          kennysheep_generic_room_5
D:5:      cheibrodos_thug_alley, layout_basic, mainiacjoe_overflow_tiny_flanked,
          minmay_temple_entry_purple_smoke, uniq_pikel
D:6:      layout_cave_pools, serial_demonic, serial_demonic_b, serial_demonic_f,
          serial_demonic_e, serial_demonic_b, minmay_misc_feat_hallway,
          kennysheep_donut, minmay_misc_feat_tiny, kennysheep_opposing_triangles
D:7:      layout_cave_pods
D:8:      layout_layer_cave, dpeg_lair_monsters
D:9:      layout_loops_corners, nicolae_yredelemnul_ghost_church,
          nicolae_dithmenos_shadow_blocks, kennysheep_mini,
          nicolae_gozag_seed_capital, nicolae_overflow_hidden_temple,
          kennysheep_flooded_box, chequers_serial_rivers_room_a
D:10:     layout_loops_ring, lemuel_coloured_pillars_altar, zin_academy,
          old_standard_altar, minmay_orc_entry_guard_dogs
D:11:     layout_roguey, gammafunk_ghost_wrathful_warriors, bh_circular_ruins,
          uniq_harold
D:12:     layout_layer_cave, drop_trap, kennysheep_doodads
Temple:   kb_temple_of_zot

Skill      XL: |  1  2  3  4  5  6  7  8  9 10 11 |
---------------+----------------------------------+-----
Staves         | 1 2 3 4 5 6 8 9 10 | 10.2
Dodging        | 4 5 6 7 9 10 | 10.9
Fighting       | 4 5 6 7 8 9 10 | 10.4
Necromancy     | 4 5 |  5.9
Evocations     | 2 |  2.3
Spellcasting   | 2 |  2.1
Polearms       | |  3.3

Action                     |  1- 3 |  4- 6 |  7- 9 | 10-12 || total
---------------------------+-------+-------+-------+-------++-------
  Melee: Spear             |    97 |     3 |       |       ||   100
         Kick              |    32 |    24 |    98 |   179 ||   333
         Peck              |    12 |     9 |    73 |   101 ||   195
         Mace              |       |    51 |   269 |   319 ||   639
  Evoke: Wand              |       |       |       |     5 ||     5
 Armour: Robe              |    15 |       |       |       ||    15
         Ring mail         |     9 |    14 |       |    67 ||    90
         Leather armour    |       |    17 |   141 |    54 ||   212
  Dodge: Dodged            |    41 |    72 |   363 |   317 ||   793

Table legend: (Time is in decaauts)
 A = Elapsed time spent in this place.
 B = Non-inter-level travel time spent in this place.
 C = Inter-level travel time spent in this place.
 D = Time resting spent in this place.
 E = Time spent auto-exploring this place.
 F = Levels seen in this place.
 G = Mean time per level.
                   A        B        C        D        E       F      G
               +--------+--------+--------+--------+--------+-----+--------+
         Total |  11853 |  11340 |    513 |   1713 |   7673 |  13 |  911.8 |
       Dungeon |  11755 |  11266 |    489 |   1666 |   7673 |  12 |  979.6 |
        Temple |     97 |     73 |     24 |     47 |      0 |   1 |   97.0 |
               +--------+--------+--------+--------+--------+-----+--------+

Top non-repeatable levels by time:
     D:9: 1433 daAuts
     D:8: 1279 daAuts
     D:2: 1164 daAuts
     D:1: 1096 daAuts
     D:4: 1063 daAuts
     D:6: 1057 daAuts
     D:5: 999 daAuts
    D:11: 971 daAuts
    D:10: 971 daAuts
     D:7: 878 daAuts
     D:3: 562 daAuts
    D:12: 277 daAuts
  Temple: 97 daAuts
